 Dungeon Crawl Stone Soup version 0.19-a0-1166-g02d67b9 (webtiles) character file.

422 epen the Insei (level 6, -3/53 HPs)
             Began as a Draconian Monk on Aug 14, 2016.
             Slain by an orc
             ... wielding a +0 flail
              (8 damage)
             ... on level 4 of the Dungeon.
             The game lasted 00:08:21 (4417 turns).

epen the Insei (Draconian Monk)                     Turns: 4417, Time: 00:08:24

Health: -3/53      AC:  9    Str: 10 (13) XL:     6   Next: 63%
Magic:  15/15      EV: 13    Int: 10 (13) God:
Gold:   126        SH:  0    Dex: 10 (13) Spells: 0 memorised, 5 levels left

rFire  . . .     SeeInvis .       - Unarmed
rCold  . . .     Gourm    .     (armour unavailable)
rNeg   + . .     Faith    .     (no shield)
rPois  .         Spirit   .     (helmet restricted)
rElec  .         Dismiss  .     (no cloak)
rCorr  .         Reflect  .     e - +1 pair of gloves
MR     +....     Harm     .     v - +0 pair of boots
Stlth  ++........               (no amulet)
                                i - ring of positive energy
                                p - ring of magical power

@: flying
A: unfitting armour, stinger 1, deterioration 1, magic resistance 1,
cold-blooded, AC +6
a: no special abilities


You were on level 4 of the Dungeon.
You were not hungry.

You visited 1 branch of the dungeon, and saw 4 of its levels.

You collected 126 gold pieces.

Inventory:

Armour
 e - a +1 pair of gloves (worn)
 v - a +0 pair of boots (worn)
Jewellery
 i - a ring of positive energy (right hand)
 p - a ring of magical power (left hand)
Wands
 d - a wand of paralysis (7/24)
Scrolls
 f - a scroll of magic mapping {unknown}
 h - a scroll of remove curse
 j - a scroll of immolation {unknown}
 m - a scroll of fog
 q - 3 scrolls of identify {unknown}
 u - 3 scrolls of teleportation {unknown}
 w - a scroll of amnesia {unknown}
Potions
 g - a potion of cure mutation {unknown}
 k - a potion of flight
 l - a potion of mutation
 o - a potion of degeneration
 r - a potion of curing {unknown}
 s - a potion of might {unknown}
 t - a potion of heal wounds
 x - a potion of cancellation {unknown}
Comestibles
 a - 5 bread rations
 b - 2 fruits
 c - a meat ration
 n - a beef jerky


   Skills:
 + Level 4.6 Fighting
 + Level 4.0 Dodging
 - Level 1.7 Stealth
 * Level 6.0 Unarmed Combat


You had 5 spell levels left.
You didn't know any spells.

Dungeon Overview and Level Annotations

Branches:
Dungeon (4/15)
 Temple: D:4-7

Altars:
Gozag
Hepliaklqana
Makhleb
Pakellas
Qazlal
Sif Muna
Vehumet
Zin

Shops:
D:4 *

Annotations:
D:4 Pikel


Innate Abilities, Weirdness & Mutations

Your plain brown scales are hard. (AC +6)
Your body does not fit into most forms of armour.
You are cold-blooded and may be slowed by cold attacks.
Your tail ends in a poisonous barb.
Your body sometimes deteriorates upon taking damage.
You are resistant to hostile enchantments. (MR+)


Message History

* * * LOW HITPOINT WARNING * * *
The orc wizard hits you but does no damage.
The orc wizard closely misses you.
As you read the scroll labeled IJASSI GOSI, it crumbles to dust.
You feel blessed for a moment.
It was a scroll of remove curse.
The orc wizard barely misses you. The orc hits you with a flail.
* * * LOW HITPOINT WARNING * * *
The orc priest calls upon Beogh to heal the orc.
The orc's wounds heal themselves!
You hit the orc wizard.
The orc wizard is moderately wounded.
The orc wizard hits you but does no damage.
The orc hits you but does no damage.
As you read the scroll labeled ACAGAOCZ IMNIC, it crumbles to dust.
The scroll dissolves into smoke.
It was a scroll of fog.
The orc wizard hits you with a dagger.
* * * LOW HITPOINT WARNING * * *
The orc wizard closely misses you. The orc barely misses you.
The orc hits you with a flail!
You die...

#..'..# ..#.#.
#..#..# #.#. #oo#..#
#.#. #..# .# #.'.
#.o# .. #.#. #..# ..
#.+. #o.# ... #.#.
#.o###############.#.
#.§o@§§............#.
#.§ooo§............#.
####################.
.. ..


You could see an orc priest, an orc wizard and 3 orcs.

Vanquished Creatures
  The ghost of crawlian the Firebug, an amateur DEFE (D:4)
  A slave (D:3)
  A phantom (D:3)
  An orc wizard (D:3)
  A worker ant (D:4)
  5 adders
  3 gnolls (D:3)
  4 worms (D:3)
  A dart slug (D:1)
  3 giant geckos
  7 orcs (D:3)
  2 giant cockroaches (D:2)
  8 goblins
  8 hobgoblins
  8 jackals
  11 kobolds
  3 quokkas (D:3)
  8 bats
  8 giant newts
  9 rats
93 creatures vanquished.

Notes
Turn   | Place    | Note
-------+----------+-------------------------------------------
     0 | D:1      | epen the Draconian Monk began the quest for the Orb.
     0 | D:1      | Reached XP level 1. HP: 19/19 MP: 1/1
   248 | D:1      | Reached XP level 2. HP: 18/26 MP: 2/2
  1094 | D:2      | Found a faded altar of an unknown god.
  1137 | D:2      | Reached XP level 3. HP: 31/31 MP: 3/3
  1325 | D:2      | Reached skill level 4 in Unarmed Combat
  1988 | D:3      | Reached XP level 4. HP: 37/40 MP: 4/4
  2430 | D:3      | Found an opulent altar of Gozag.
  2628 | D:3      | Reached XP level 5. HP: 28/46 MP: 5/5
  2777 | D:3      | Reached skill level 5 in Unarmed Combat
  3174 | D:3      | Found a stormy altar of Qazlal.
  3175 | D:3      | Found an oddly glowing altar of Pakellas.
  3176 | D:3      | Found a burning altar of Makhleb.
  3176 | D:3      | Found a glowing silver altar of Zin.
  3177 | D:3      | Found a radiant altar of Vehumet.
  3178 | D:3      | Found a hazy altar of Hepliaklqana.
  3181 | D:3      | Found a deep blue altar of Sif Muna.
  3310 | D:4      | Found Xinocipt's Assorted Antiques.
  3470 | D:4      | Noticed a slave
  3471 | D:4      | Noticed Pikel
  3473 | D:4      | Noticed a slave
  3522 | D:4      | Noticed a slave
  3523 | D:4      | Noticed a slave
  3587 | D:3      | Killed a slave
  3849 | D:4      | Noticed a phantom
  3909 | D:3      | Killed a phantom
  3909 | D:3      | Reached XP level 6. HP: 12/53 MP: 6/6
  4190 | D:4      | Noticed crawlian's ghost (amateur DEFE)
  4212 | D:4      | Killed crawlian's ghost
  4212 | D:4      | Reached skill level 6 in Unarmed Combat
  4396 | D:4      | Gained mutation: You are resistant to hostile enchantments. (MR+) [potion of mutation]
  4396 | D:4      | Gained mutation: Your body sometimes deteriorates upon taking damage. [potion of mutation]
  4396 | D:4      | Gained mutation: Your tail ends in a poisonous barb. [potion of mutation]
  4417 | D:4      | Slain by an orc

Vault maps used:
D:1:      dpeg_arrival_orchard, grunt_decor_one_mirror, interstate_on_off,
          hangedman_decor_opposing, hangedman_feature_mirror, minivault_26
D:2:      ecumenical_altar_2, minmay_crystal_water
D:3:      lemuel_crystal_altar, minitemple, first_bread, minmay_vboxes
D:4:      nemelex_xobeh_ov_fountains_minmay, serial_shops,
          nicolae_shop_overgrown_old_shop, gammafunk_pakellas_its_alive,
          uniq_pikel

Skill      XL: |  1  2  3  4  5  6 |
---------------+-------------------+-----
Unarmed Combat | 4 5 6 |  6.0
Dodging        | 3 4 |  4.0
Fighting       | 4 |  4.6
Stealth        | |  1.7

Action                   |  1- 3 |  4- 6 || total
-------------------------+-------+-------++-------
Melee: Unarmed           |   144 |   248 ||   392
       Tailslap          |    14 |    39 ||    53
       Punch             |     3 |     8 ||    11
  Use: Scroll            |       |     4 ||     4
       Potion            |       |     4 ||     4
 Stab: Sleeping          |     3 |     2 ||     5
       Distracted        |     1 |       ||     1
  Eat: Chunk             |     3 |     3 ||     6
       Meat ration       |       |     1 ||     1
Armor: Skin              |    33 |    66 ||    99
Dodge: Dodged            |    97 |   161 ||   258
